 Dungeon Crawl Stone Soup version 0.21.1-1-g345015fe64 (webtiles) character file.

3332 KamiKatze the Destroyer (level 9, -14/45 HPs)
             Began as a Deep Elf Conjurer on Feb 6, 2018.
             Was a Believer of Vehumet.
             Demolished by an orc warrior
             ... wielding a +0 halberd
              (19 damage)
             ... in a bailey.
             The game lasted 00:35:29 (6926 turns).

KamiKatze the Destroyer (Deep Elf Conjurer)         Turns: 6926, Time: 00:35:30

Health: -14/45     AC:  3    Str:  5    XL:     9   Next: 71%
Magic:  5/24       EV: 13    Int: 24    God:    Vehumet [**....]
Gold:   342        SH:  5    Dex: 15    Spells: 8/26 levels left

rFire    . . .     SeeInvis .   a - +5 dagger
rCold    . . .     Gourm    .   (no shield)
rNeg     . . .     Faith    .   u - +0 robe
rPois    .         Spirit   .   (no helmet)
rElec    .         Reflect  +   j - +0 cloak
rCorr    .         Harm     .   (no gloves)
MR       .....                  (no boots)
Stlth    ++........             f - +5 amulet of reflection (curse)
HPRegen  0.15/turn              (no ring)
MPRegen  0.19/turn              (no ring)

@: no status effects
A: no striking features
a: Renounce Religion


You were in a bailey.
You worshipped Vehumet.
Vehumet was pleased with you.
You were not hungry.

You visited 2 branches of the dungeon, and saw 8 of its levels.
You also visited: Bailey.

You collected 354 gold pieces.
You spent 12 gold pieces at shops.

Inventory:

Hand Weapons
 a - a +5 dagger (weapon)
 w - the +10 hunting sling "Haniut" {flame, rElec rC- Str+10 Int+4, unknown}
   (You found it on level 6 of the Dungeon)

   It causes projectiles fired from it to burn those they strike, causing extra
   injury to most foes and up to half again as much damage against particularly
   susceptible opponents.
   It affects your strength (+10).
   It affects your intelligence (+4).
   It makes you vulnerable to cold.
   It insulates you from electricity.
Missiles
 d - 15 poisoned needles
 B - 5 needles of paralysis
Armour
 j - a +0 cloak (worn)
 u - a +0 robe (worn)
Jewellery
 e - an uncursed ring of ice
 f - a cursed +5 amulet of reflection (around neck)
Wands
 g - a wand of clouds (5)
 i - a wand of flame (29)
 v - a wand of iceblast (12)
 z - a wand of disintegration (15)
Scrolls
 k - a scroll of magic mapping
 o - 2 scrolls of fear
 q - a scroll of remove curse
 s - a scroll of teleportation
 y - a scroll of fog
Potions
 h - a potion of magic
 l - a potion of mutation
 n - 2 potions of flight
 p - a potion of berserk rage {unknown}
 r - a potion of agility
 x - 2 potions of curing
 A - a potion of haste
Books
 b - a book of Conjurations

   Spells                             Type                      Level
   a - Magic Dart                     Conjuration                  1
   b - Searing Ray                    Conjuration                  2
   c - Dazzling Spray                 Conjuration/Hexes            3
   d - Fulminant Prism                Conjuration/Hexes            4
   e - Force Lance                    Conjuration/Translocation    4
   f - Iskenderun's Mystic Blast      Conjuration                  4
Comestibles
 c - 8 rations
 m - 2 chunks of flesh


   Skills:
 + Level 3.1 Dodging
 - Level 2.4 Stealth
 + Level 9.0 Spellcasting
 * Level 11.0 Conjurations
 + Level 7.9 Hexes
 + Level 4.7 Translocations


You had 8 spell levels left.
You knew the following spells:

 Your Spells              Type           Power        Failure   Level  Hunger
a - Magic Dart            Conj           ####         1%          1    None
b - Searing Ray           Conj           ######       1%          2    None
c - Dazzling Spray        Conj/Hex       ######       1%          3    None
d - Iskenderun's Mystic   Conj           ######..     1%          4    ##.....
e - Fulminant Prism       Conj/Hex       ######....   1%          4    ##.....
f - Force Lance           Conj/Tloc      #####...     2%          4    ##.....


Dungeon Overview and Level Annotations

Branches:
Dungeon (7/15)             Temple (1/1) D:5

Altars:
Ashenzari
Cheibriados
Dithmenos
Elyvilon
Fedhas
Gozag
Hepliaklqana
Kikubaaqudgha
Makhleb
Nemelex Xobeh
Okawaru
Qazlal
Trog
Uskayaw
Vehumet
Xom
Yredelemnul
Zin
The Shining One

Shops:
D:4 !


Message History

The magic dart hits the orc.
The orc is moderately wounded.
Found a halberd.
Found two gates leading back out of this place.
An orc warrior comes into view. It is wielding a halberd.
The orc warrior shouts!
The orc knight roars a battlecry!
The orcs go into a battle-frenzy!
The orc warrior hits you from afar with a halberd!!
Ouch! That really hurt!
* * * LOW HITPOINT WARNING * * *
Casting: Magic Dart
Confirm with . or Enter, or press ? or * to list all spells.
Aiming: Iskenderun's Mystic Blast
Press: ? - help, Shift-Dir - straight line, f/p - orc
Aim: an orc, wielding a spear and wearing a ring mail (lightly wounded)
The orb of energy misses the orc warrior.
The orb of energy misses the orc.
The orc warrior hits you from afar with a halberd!!
You die...

### #### ##∩##
####
....##...##..).
≈≈≈..#...#..≈≈≈
≈.≈≈.......≈≈)≈
.∩o≈.).....≈o∩.
≈o≈≈.).@.o.≈≈o≈
≈≈≈..#...#..≈≈≈
... #.∩.# ... #
##∩## # ###


You could see 2 orc knights, 2 orc warriors and an orc.

Vanquished Creatures
  The ghost of newuser the Conjurer, an amateur OpFE (D:4)
  Menkaure (D:4)
  The ghost of Jhinris the Cudgeler, an amateur GrGl (D:6)
  The ghost of Jannitor the Shooter, an amateur TeHu (D:3)
  4 orc warriors
  A sky beast (D:6)
  4 ice beasts
  A black bear (D:6)
  2 centaurs (D:6)
  2 ogres
  2 phantoms
  4 bullfrogs
  A wyvern zombie (D:6)
  3 wights
  A crimson imp (D:6)
  A quasit (D:6)
  An iron imp (D:5)
  A jelly (D:6)
  A centaur skeleton (D:6)
  A gnoll shaman (D:5)
  2 orc priests
  2 hounds
  3 orc wizards
  A bullfrog skeleton (D:4)
  An iguana (D:6)
  Natasha (thrice) (D:2)
  6 worker ants
  A hound skeleton (D:6)
  A howler monkey zombie (D:5)
  4 gnolls (D:5)
  5 adders
  2 shadow imps
  2 oozes
  2 adder skeletons (D:4)
  5 worms
  2 dart slugs (D:1)
  4 leopard geckos
  25 orcs
  3 giant cockroaches
  8 hobgoblins
  A jackal (D:6)
  4 quokkas
  2 ball pythons
  10 bats
  6 frilled lizards
  18 goblins
  A jackal zombie (D:5)
  12 kobolds
  A quokka zombie (D:5)
  5 rats (D:1)
176 creatures vanquished.

Vanquished Creatures (others)
  24 fulminant prisms
24 creatures vanquished.

Grand Total: 200 creatures vanquished

Notes
Turn   | Place    | Note
-------+----------+-------------------------------------------
     0 | D:1      | KamiKatze the Deep Elf Conjurer began the quest for the Orb.
     0 | D:1      | Reached XP level 1. HP: 10/10 MP: 6/6
   182 | D:1      | Reached XP level 2. HP: 14/15 MP: 1/8
   186 | D:1      | Learned a level 2 spell: Searing Ray
   326 | D:1      | Reached skill level 5 in Conjurations
   457 | D:1      | Reached XP level 3. HP: 19/19 MP: 2/10
   462 | D:1      | Learned a level 3 spell: Dazzling Spray
   850 | D:2      | Noticed Natasha
   855 | D:2      | Killed Natasha
   855 | D:2      | Reached XP level 4. HP: 13/24 MP: 7/12
   967 | D:2      | Reached skill level 1 in Hexes
  1110 | D:2      | Noticed Natasha
  1120 | D:2      | Killed Natasha
  1201 | D:2      | Reached skill level 6 in Conjurations
  1214 | D:2      | Found a shadowy altar of Dithmenos.
  1278 | D:2      | Noticed Natasha
  1286 | D:2      | Killed Natasha
  1286 | D:2      | Reached XP level 5. HP: 28/28 MP: 9/13
  1296 | D:2      | Learned a level 4 spell: Iskenderun's Mystic Blast
  1624 | D:3      | Noticed Jannitor's ghost (amateur TeHu)
  1720 | D:3      | Reached skill level 5 in Spellcasting
  1826 | D:3      | Reached XP level 6. HP: 30/32 MP: 5/15
  1856 | D:3      | Learned a level 4 spell: Fulminant Prism
  2273 | D:3      | Reached skill level 7 in Conjurations
  2886 | D:3      | Killed Jannitor's ghost
  2886 | D:3      | Reached XP level 7. HP: 32/36 MP: 8/17
  3018 | D:4      | Found a radiant altar of Vehumet.
  3073 | D:4      | Became a worshipper of Vehumet
  3109 | D:4      | Noticed newuser's ghost (amateur OpFE)
  3524 | D:4      | Killed newuser's ghost
  3524 | D:4      | Reached skill level 8 in Conjurations
  3524 | D:4      | Reached skill level 5 in Hexes
  3788 | D:4      | Noticed Menkaure
  3858 | D:4      | Found Enen's Distillery.
  3861 | D:4      | Bought a potion of degeneration for 12 gold pieces
  3890 | D:4      | Killed Menkaure
  3974 | D:4      | Learned a level 4 spell: Force Lance
  3981 | D:5      | Entered Level 5 of the Dungeon
  3985 | D:5      | Reached XP level 8. HP: 41/41 MP: 11/20
  4005 | D:5      | Found a snail-covered altar of Cheibriados.
  4086 | D:5      | Reached skill level 1 in Translocations
  4112 | D:5      | Found an opulent altar of Gozag.
  4211 | D:5      | Reached skill level 9 in Conjurations
  4466 | D:5      | Reached * piety under Vehumet
  4466 | D:5      | Offered knowledge of Shock by Vehumet.
  4504 | D:5      | Found a staircase to the Ecumenical Temple.
  4519 | Temple   | Entered the Ecumenical Temple
  5016 | D:6      | Noticed Jhinris's ghost (amateur GrGl)
  5026 | D:6      | Killed Jhinris's ghost
  5480 | D:6      | Reached XP level 9. HP: 32/45 MP: 12/23
  5496 | D:6      | Reached skill level 10 in Conjurations
  6144 | D:6      | Reached ** piety under Vehumet
  6410 | D:6      | Got an ancient hunting sling
  6445 | D:6      | Offered knowledge of Freeze by Vehumet.
  6800 | D:7      | Found a flagged portal.
  6914 | Bailey   | Entered a bailey
  6914 | Bailey   | Noticed an orc knight
  6922 | Bailey   | Reached skill level 11 in Conjurations
  6923 | Bailey   | Noticed an orc knight
  6926 | Bailey   | Demolished by an orc warrior

Skill      XL: |  1  2  3  4  5  6  7  8  9 |
---------------+----------------------------+-----
Conjurations   | 5 6 7 8 9 11 | 11.0
Spellcasting   | 4 5 6 8 9 |  9.0
Hexes          | 2 3 4 5 6 7 |  7.9
Translocations | 3 4 |  4.7
Dodging        | 3 |  3.1
Stealth        | |  2.4

Action                   |  1- 3 |  4- 6 |  7- 9 || total
-------------------------+-------+-------+-------++-------
Melee: Unarmed           |     4 |       |       ||     4
       Club              |     9 |     7 |       ||    16
       Dagger            |       |       |     1 ||     1
 Cast: Magic Dart        |    65 |    85 |    79 ||   229
       Searing Ray       |     2 |    17 |    16 ||    35
       Fulminant Prism   |       |     1 |    23 ||    24
       Iskenderun's Myst |       |       |    45 ||    45
       Dazzling Spray    |       |       |     1 ||     1
       Force Lance       |       |       |     2 ||     2
  Use: Scroll            |     1 |     3 |    12 ||    16
       Potion            |       |       |     3 ||     3
  Eat: Chunk             |       |     6 |    14 ||    20
       Ration            |       |       |     1 ||     1
Armor: Robe              |     4 |     5 |     7 ||    16
Dodge: Dodged            |    19 |    34 |    31 ||    84
Block: Other             |       |       |    10 ||    10
